 Dungeon Crawl Stone Soup version 0.31.0-32-g396128a36d (webtiles) character file.

Game seed: 3902480392755015439

206 AdnanSaban the Covered (level 5, -3/33 HPs)
             Began as a Gargoyle Fighter on Apr 15, 2024.
             Incinerated by a bombardier beetle (5 damage)
             ... with a burning spray
             ... on level 3 of the Dungeon.
             The game lasted 00:02:46 (2721 turns).

AdnanSaban the Covered (Gargoyle Fighter)           Turns: 2721, Time: 00:02:47

Health: -3/33      AC: 12    Str: 21    XL:     5   Next: 84%
Magic:  5/5        EV:  9    Int:  9    God:
Gold:   104        SH:  4    Dex:  9    Spells: 4/4 levels left

rFire   . . .        a - +0 flail
rCold   . . .        c - +0 buckler
rNeg    + . .        b - +0 scale mail
rPois   ∞            (no helmet)
rElec   +            (no cloak)
rCorr   .            k - +0 pair of gloves
SInv    .            (no boots)
Will    .....        (no amulet) Stlth
                     (no ring)
HPRegen 0.25/turn    (no ring)
MPRegen 0.09/turn

%: no passive effects
@: on fire, glowing
A: sickness immunity, AC +4, negative energy resistance 1, electricity
resistance, torment resistance 1, petrification resistance
a: no special abilities


You were on level 3 of the Dungeon.
You visited 1 branch of the dungeon, and saw 3 of its levels.

You collected 104 gold pieces.

Inventory:

Hand Weapons
 a - a +0 flail (weapon)
Missiles
 e - 11 javelins (quivered)
Armour
 b - a +0 scale mail (worn)
 c - a +0 buckler (worn)
 k - a +0 pair of gloves (worn)
Jewellery
 n - a ring of positive energy
Scrolls
 f - a scroll of enchant weapon {unknown}
 h - 3 scrolls of teleportation {unknown}
 i - a scroll of fear {unknown}
 l - a scroll of blinking {unknown}
 m - a scroll of fog {unknown}
 r - a scroll of silence {unknown}
Potions
 d - 2 potions of might
 g - 2 potions of cancellation {unknown}
 j - a potion of haste {unknown}
 o - a potion of curing {unknown}
 p - a potion of invisibility {unknown}
 q - 2 potions of berserk rage {unknown}


   Skills:
 + Level 4.0 Fighting
 + Level 3.7 Maces & Flails
 + Level 4.4 Armour
 + Level 0.8 Dodging
 + Level 0.4 Stealth
 + Level 4.1 Shields


You had 4 spell levels left.
You didn't know any spells.
Your spell library contained the following spells:

 Spells                   Type           Power      Damage    Failure   Level
 Call Canine Familiar     Summ           0%         N/A       98%         3
 Sigil of Binding         Hex            0%         N/A       98%         3
 Dimensional Bullseye     Hex/Tloc       0%         N/A       100%        4


Dungeon Overview and Level Annotations

Branches:
Dungeon (3/15)

Altars:
Uskayaw
Xom

Shops:
D:2 [


Innate Abilities, Weirdness & Mutations

You are immune to sickness and miasma.
Your stone body is resilient. (AC +4)
You are immune to poison.
You resist negative energy. (rN+)
You are resistant to electric shocks. (rElec)
You are resistant to unholy torment.
You are immune to petrification.


Message History

The liquid fire burns you!
The bombardier beetle waves its antennae.
The bombardier beetle bites you but does no damage.
You hit the bombardier beetle.
The bombardier beetle is moderately wounded.
The liquid fire burns you!
The bombardier beetle barely misses you.
You closely miss the bombardier beetle.
The bombardier beetle is moderately wounded.
The liquid fire burns you!
You sock the bombardier beetle!
The bombardier beetle is almost dead.
The liquid fire burns you!
The bombardier beetle bites you but does no damage.
You are too injured to fight recklessly!
You are too injured to fight recklessly!
You are too injured to fight recklessly!
You are too injured to fight recklessly!
You are too injured to fight recklessly!
You are too injured to fight recklessly!
You are too injured to fight recklessly!
You are too injured to fight recklessly!
You are too injured to fight recklessly!
You are too injured to fight recklessly!
You are too injured to fight recklessly!
You are too injured to fight recklessly!
You are too injured to fight recklessly!
You hit the bombardier beetle but do no damage.
The bombardier beetle is almost dead.
The liquid fire burns you!
* * * LOW HITPOINT WARNING * * *
The bombardier beetle bites you but does no damage.
You hit the bombardier beetle.
You kill the bombardier beetle!
The liquid fire burns you!
* * * LOW HITPOINT WARNING * * *
Your Fighting skill increases to level 4!
You shake off some of the fire as you move.
The liquid fire burns you!
You die...

####.##.##..# ## #### #
#.........# #. ....#
##..####.####.# ....#
#..####.# #... ......
#.......# #..# .....#
####...##### #..##.....#
..##...# #...†...###
#.##...#######.........#
#.##....(...##..@..#.#..
............##.....#.#
...................>...
............##.##.##.#..
####>.......##.# .# .#
#...#######.# .. .
####...## #.# ### #
#.......# #.# #.###.#.#
#..


There were no monsters in sight!

Vanquished Creatures
  A bombardier beetle (D:3)
  An iguana (D:3)
  5 gnolls
  2 adders (D:3)
  A ribbon worm (D:2)
  5 dart slugs
  An orc (D:3)
  7 endoplasms
  3 giant cockroaches
  3 goblins
  6 hobgoblins
  4 jackals (D:3)
  3 quokkas
  7 ball pythons
  4 bats (D:2)
  3 frilled lizards
  10 kobolds
  6 rats
72 creatures vanquished.

Vanquished Creatures (others)
  A bat (D:3)
  A kobold (D:3)
2 creatures vanquished.

Grand Total: 74 creatures vanquished

Notes
Turn   | Place    | Note
-------+----------+-------------------------------------------
     0 | D:1      | AdnanSaban the Gargoyle Fighter began the quest for the
                  | Orb.
     0 | D:1      | Reached XP level 1. HP: 14/14 MP: 1/1
    35 | D:1      | Reached XP level 2. HP: 16/19 MP: 2/2
   768 | D:2      | Reached XP level 3. HP: 23/23 MP: 3/3
  1148 | D:2      | Reached XP level 4. HP: 7/29 MP: 4/4
  1626 | D:2      | Found Molow's Armour Shoppe.
  2292 | D:3      | Reached XP level 5. HP: 33/33 MP: 5/5
  2376 | D:3      | Found a hide-covered altar of Uskayaw.
  2570 | D:3      | Found a shimmering altar of Xom.
  2720 | D:3      | HP: 1/33 [burnt (7)]
  2721 | D:3      | Incinerated by a bombardier beetle

Illustrated notes

Levels and vault maps discovered:
D:1:      onia_arrival_pentagram, layout_basic, minivault_23,
          chequers_serial_rivers_small_b
D:2:      minmay_spotlight, layout_basic, serial_shops, shop
D:3:      layout_loops_cross, nicolae_overflow_crystal_walls,
          xom_confusion_cloud, minmay_tree_intersection

Skill      XL: |  1  2  3  4  5 |
---------------+----------------+-----
Armour         | 4 |  4.4
Shields        | 4 |  4.1
Maces & Flails | 3 |  3.7
Fighting       | 4 |  4.0
Dodging        | |  0.8
Stealth        | |  0.4

Action                     |  1- 3 |  4- 6 || total
---------------------------+-------+-------++-------
  Melee: Flail             |    81 |   172 ||   253
 Armour: Scale mail        |    46 |   134 ||   180
  Dodge: Dodged            |    34 |    84 ||   118
  Block: Buckler           |    17 |    34 ||    51
